 Dungeon Crawl Stone Soup version 0.27-a0-1187-ge80a49f48c (webtiles) character file.

Game seed: 8297820599754198722

75 Ijustatesigmund the Chopper (level 4, -1/41 HPs)
             Began as a Hill Orc Fighter on May 20, 2021.
             Slain by a water moccasin (6 damage)
             ... on level 3 of the Dungeon.
             The game lasted 00:02:41 (2224 turns).

Ijustatesigmund the Chopper (Hill Orc Fighter)      Turns: 2224, Time: 00:02:42

Health: -1/41      AC:  6    Str: 18    XL:     4   Next: 31%
Magic:  4/4        EV:  7    Int:  8    God:
Gold:   27         SH:  9    Dex: 11    Spells: 3/3 levels left

rFire    . . .     SeeInvis .   a - +0 war axe
rCold    . . .     Faith    .   c - +0 kite shield
rNeg     . . .     Spirit   .   b - +0 scale mail
rPois    .         Reflect  .   (no helmet)
rElec    .         Harm     .   (no cloak)
rCorr    .         Rampage  .   (no gloves)
Will     .....                  (no boots)
Stlth    ..........             (no amulet)
HPRegen  0.13/turn              (no ring)
MPRegen  0.09/turn              (no ring)

@: lethally poisoned (-1 -> -8)
A: no striking features
a: no special abilities


You were on level 3 of the Dungeon.
You visited 1 branch of the dungeon, and saw 3 of its levels.

You collected 82 gold pieces.
You spent 55 gold pieces at shops.

Inventory:

Hand Weapons
 a - a +0 war axe (weapon)
Armour
 b - a +0 scale mail (worn)
 c - a +0 kite shield (worn)
Jewellery
 j - a ring of ice
Scrolls
 f - a scroll of enchant weapon {unknown}
 g - 2 scrolls of summoning {unknown}
 h - a scroll of blinking {unknown}
 i - 2 scrolls of noise {unknown}
 k - a scroll of fear {unknown}
 l - a scroll of immolation {unknown}
 m - 2 scrolls of vulnerability {unknown}
 n - 2 scrolls of identify {unknown}
 o - 2 scrolls of teleportation
 p - a scroll of fog
Potions
 d - a potion of might
 q - a potion of haste {unknown}


   Skills:
 + Level 4.5 Fighting
 * Level 5.1 Axes
 - Level 3.2 Armour
 - Level 3.2 Shields


You had 3 spell levels left.
You didn't know any spells.
Your spell library was empty.

Dungeon Overview and Level Annotations

Branches:
Dungeon (3/15)

Altars:

Shops:
D:2 :([(?


Message History

You barely miss the water moccasin.
The water moccasin is lightly wounded.
You feel very sick. The water moccasin bites you.
You block the water moccasin's attack.
Unknown command.
It was a potion of curing.
You feel better. The water moccasin bites you.
You are poisoned.
The water moccasin poisons you!
You hit the water moccasin.
The water moccasin is lightly wounded.
You feel very sick.
The water moccasin bites you but does no damage.
The water moccasin closely misses you.
You miss the water moccasin.
The water moccasin is lightly wounded.
You feel very sick. The water moccasin bites you.
You are lethally poisoned!
The water moccasin poisons you! You block the water moccasin's attack.
The frilled lizard bites you but does no damage.
You feel very sick. The water moccasin closely misses you.
You see here 8 gold pieces.
* * * LOW HITPOINT WARNING * * *
You feel very sick.
You feel better. The water moccasin bites you.
You are lethally poisoned!
The water moccasin poisons you!
You closely miss the water moccasin.
The water moccasin is lightly wounded.
* * * LOW HITPOINT WARNING * * *
You feel very sick. The water moccasin barely misses you.
You block the water moccasin's attack.
The water moccasin bites you but does no damage.
You barely miss the water moccasin.
The water moccasin is lightly wounded.
* * * LOW HITPOINT WARNING * * *
You feel very sick. You block the water moccasin's attack.
The water moccasin bites you.
You die...

#.##.#.#....#.##
#....#.#...##.#
.+####'.#..## .# #
#........#..# .####..
.+########'..# .......
............####>...>..
######.#............(.
#.#######......<.
#......@S#?......
#########........
#....... ###.### .# . #


You could see a water moccasin.

Vanquished Creatures
  2 worms
  A dart slug (D:1)
  3 endoplasms (D:1)
  3 giant cockroaches
  4 hobgoblins
  10 jackals (D:1)
  3 quokkas (D:1)
  2 ball pythons
  3 bats (D:1)
  3 frilled lizards
  13 goblins
  7 kobolds
  A quokka skeleton (D:2)
  4 rats
59 creatures vanquished.

Notes
Turn   | Place    | Note
-------+----------+-------------------------------------------
     0 | D:1      | Ijustatesigmund the Hill Orc Fighter began the quest for
                  | the Orb.
     0 | D:1      | Reached XP level 1. HP: 19/19 MP: 1/1
   174 | D:1      | Reached skill level 3 in Axes
   214 | D:1      | Reached XP level 2. HP: 27/27 MP: 2/2
   361 | D:1      | Reached skill level 4 in Axes
   496 | D:1      | Reached XP level 3. HP: 33/33 MP: 3/3
   663 | D:1      | Found a faded altar of an unknown god.
  1403 | D:2      | Reached XP level 4. HP: 41/41 MP: 4/4
  1521 | D:2      | Found Tilujiep's Antique Weapon Emporium.
  1526 | D:2      | Found Kumuomimua's Book Emporium.
  1593 | D:2      | Found Vampoefa's Armour Boutique.
  1598 | D:2      | Reached skill level 5 in Axes
  1655 | D:2      | Found Fokuosy's Antique Weapon Shop.
  1727 | D:2      | Found Naikeus's Magic Scroll Boutique.
  1735 | D:2      | Bought a scroll of teleportation for 33 gold pieces
  1735 | D:2      | Bought a scroll of fog for 22 gold pieces
  2209 | D:3      | Noticed a water moccasin
  2224 | D:3      | Slain by a water moccasin

Illustrated notes

Levels and vault maps discovered:
D:1:      ncdulo_halloftheorcs, layout_loops_ring,
          hellmonk_ecumenical_altar_pennies_from_heaven, st_stairs_9,
          hangedman_decor_clover_reticule, minivault_26, minmay_tripent
D:2:      layout_rooms, serial_corexii_hall, corexii_hall_statues_x,
          corexii_hall_statues_x, serial_shops, shop, nicolae_shop_trees, shop,
          shop, shop
D:3:      layout_loops_ring, gammafunk_ghost_arena, minivault_11,
          eino_tiny_chamber

Skill      XL: |  1  2  3  4 |
---------------+-------------+-----
Axes           | 3 4 5 |  5.1
Fighting       | 4 |  4.5
Armour         | |  3.2
Shields        | |  3.2

Action                   |  1- 3 |  4- 6 || total
-------------------------+-------+-------++-------
Melee: War axe           |   130 |    41 ||   171
  Use: Potion            |       |     2 ||     2
Armor: Scale mail        |    68 |    11 ||    79
Dodge: Dodged            |    45 |     9 ||    54
Block: Kite shield       |    71 |    20 ||    91

Table legend: (Time is in decaauts)
 A = Elapsed time spent in this place.
 B = Non-inter-level travel time spent in this place.
 C = Inter-level travel time spent in this place.
 D = Time resting spent in this place.
 E = Time spent auto-exploring this place.
 F = Levels seen in this place.
 G = Mean time per level.
                   A        B        C        D        E       F      G
               +--------+--------+--------+--------+--------+-----+--------+
         Total |   2313 |   2278 |     35 |    409 |   1478 |   3 |  771.0 |
       Dungeon |   2313 |   2278 |     35 |    409 |   1478 |   3 |  771.0 |
               +--------+--------+--------+--------+--------+-----+--------+

Top non-repeatable levels by time:
     D:1: 1403 daAuts
     D:2: 665 daAuts
     D:3: 244 daAuts
